 Dungeon Crawl Stone Soup version 0.21-a0-471-gd587bd5 (webtiles) character file.

61 kae the Insei (level 3, -1/29 HPs)
             Began as a Draconian Transmuter on Nov 21, 2017.
             Slain by a gnoll
             ... wielding a +0 spear
              (2 damage)
             ... on level 2 of the Dungeon.
             The game lasted 00:02:12 (2052 turns).

kae the Insei (Draconian Transmuter)                Turns: 2052, Time: 00:02:14

Health: -1/29      AC:  5    Str: 12    XL:     3   Next: 83%
Magic:  2/6        EV: 12    Int: 13    God:
Gold:   78         SH:  0    Dex: 12    Spells: 0/6 levels left

rFire    . . .     SeeInvis .   f - +0 club
rCold    . . .     Gourm    .   (no shield)
rNeg     . . .     Faith    .   (armour unavailable)
rPois    .         Spirit   .   (helmet restricted)
rElec    .         Reflect  .   (no cloak)
rCorr    .         Harm     .   (no gloves)
MR       .....                  (no boots)
Stlth    +.........             (no amulet)
HPRegen  0.09/turn              (no ring)
MPRegen  0.10/turn              (no ring)

@: no status effects
A: unfitting armour, cold-blooded, AC +5
a: no special abilities


You were on level 2 of the Dungeon.
You were not hungry.

You visited 1 branch of the dungeon, and saw 2 of its levels.

You collected 78 gold pieces.

Inventory:

Hand Weapons
 f - a +0 club (weapon)
Missiles
 a - 38 arrows
Jewellery
 k - an uncursed ring of resist corrosion {unknown}
 l - an uncursed ring of resist corrosion {unknown}
Scrolls
 h - a scroll of remove curse {unknown}
 j - 3 scrolls of identify
Potions
 e - 2 potions of heal wounds
 g - a potion of degeneration {unknown}
 i - a potion of agility {unknown}
 m - a potion of flight {unknown}
Books
 b - a book of Changes

   Spells                             Type                      Level
   a - Beastly Appendage              Transmutation                1
   b - Sticks to Snakes               Transmutation                2
   c - Spider Form                    Transmutation/Poison         3
   d - Ice Form                       Ice/Transmutation            4
   e - Blade Hands                    Transmutation                5
Comestibles
 c - 2 bread rations
 d - 4 fruits
 n - a chunk of flesh


   Skills:
 + Level 1.8 Fighting
 - Level 1.7 Dodging
 * Level 3.7 Unarmed Combat
 + Level 2.3 Spellcasting
 * Level 2.9 Transmutations


You couldn't memorise any spells.
You knew the following spells:

 Your Spells              Type           Power        Failure   Level  Hunger
a - Beastly Appendage     Tmut           #.....       8%          1    #......
b - Sticks to Snakes      Tmut           #.......     11%         2    ###....
c - Spider Form           Tmut/Pois      #.........   38%         3    ###....


Dungeon Overview and Level Annotations

Branches:
Dungeon (2/15)

Altars:
Gozag
Zin


Innate Abilities, Weirdness & Mutations

Your plain brown scales are hard. (AC +5)
You cannot fit into any form of body armour.
You are cold-blooded and may be slowed by cold attacks.


Message History

The gnoll is lightly wounded.
Your talons disappear.
The gnoll hits you with a spear.
Casting: Beastly Appendage
Confirm with . or Enter, or press ? or * to list all spells.
You create a snake!
You now have 38 arrows.
The gnoll hits you with a spear. The gnoll hits you with a spear!
* * * LOW HITPOINT WARNING * * *
Your ball python bites the gnoll but does no damage.
Your ball python grabs the gnoll.
Your ball python constricts the gnoll.
You hit the gnoll.
The gnoll is heavily wounded.
Your ball python bites the gnoll.
Your ball python constricts the gnoll.
The gnoll misses you.
Your magical contamination has completely faded away.
You barely miss the gnoll.
The gnoll is heavily wounded.
Your ball python bites the gnoll but does no damage.
Your ball python constricts the gnoll.
The gnoll hits you with a spear.
You die...

#......# ........ ......
#......# ........ ......#
#......##........ #......
#................ #......
#......# ........ #......
#......# ........ #......
#......# ........
#......####.....[#######...
#........g@###>............
#......###S# #.#......##...
#...... #.# #.#...........
#...... #.###.#######.#..(
####### #.....# ####.....
####### ##........
#......... ###'###.....
##.....###.##


You could see a gnoll and a friendly ball python.

Vanquished Creatures
  A gnoll (D:2)
  An ooze (D:1)
  A dart slug (D:1)
  A leopard gecko (D:1)
  A ball python (D:2)
  7 bats
  5 hobgoblins
  2 jackals (D:1)
  2 quokkas (D:2)
  6 frilled lizards
  4 kobolds
  7 rats
38 creatures vanquished.

Vanquished Creatures (collateral kills)
  2 worms (D:2)
  A kobold (D:2)
  A rat (D:2)
4 creatures vanquished.

Grand Total: 42 creatures vanquished

Notes
Turn   | Place    | Note
-------+----------+-------------------------------------------
     0 | D:1      | kae the Draconian Transmuter began the quest for the Orb.
     0 | D:1      | Reached XP level 1. HP: 16/16 MP: 3/3
   225 | D:1      | Reached XP level 2. HP: 23/23 MP: 5/5
   990 | D:1      | Reached XP level 3. HP: 16/28 MP: 6/6
  1141 | D:1      | Learned a level 2 spell: Sticks to Snakes
  1145 | D:1      | Learned a level 3 spell: Spider Form
  1987 | D:2      | Found an opulent altar of Gozag.
  1988 | D:2      | Found a glowing silver altar of Zin.
  2050 | D:2      | HP: 1/29 [gnoll/spear (9)]
  2052 | D:2      | Slain by a gnoll

Vault maps used:
D:1:      saegor_arrival_simple_d, st_stairs_12, fountainhead
D:2:      grunt_temple_overflow_gold_and_silver

Action                   || total
-------------------------++-------
Melee: Club              ||   148
       Unarmed           ||    12
       Tailslap          ||    10
       Headbutt          ||     2
       Kick              ||     5
       Punch             ||     3
 Cast: Beastly Appendage ||     6
       Sticks to Snakes  ||     4
  Use: Scroll            ||     3
 Stab: Sleeping          ||     1
  Eat: Chunk             ||     4
Armor: Skin              ||    75
Dodge: Dodged            ||   152

Table legend:
 A = Spawn XP
 B = Non-spawn XP
 C = Spawn XP percentage of total XP
 D = Spawn monster count
 E = Non-spawn monster count
 F = Spawn count percentage of total count
 G = Total turns spent on level
                    A         B        C        D         E        F      G
               +---------+---------+-------+---------+---------+-------+---------
         Total |       0 |      88 |   0.0 |       0 |      42 |   0.0 |  2052
               +---------+---------+-------+---------+---------+-------+---------
           D:1 |       0 |      40 |   0.0 |       0 |      22 |   0.0 |  1127
           D:2 |       0 |      48 |   0.0 |       0 |      20 |   0.0 |   925
               +---------+---------+-------+---------+---------+-------+---------
